Map: Forteresse de fer EC

Players

Galater

  • Race: Protoss Protoss

AgCl - Winner!

  • Race: Protoss Protoss

VOD

Have the link to the VOD?

Description

Time

  • Played on: May 19, 2015, 7:26 p.m.
  • Length: 8:47
Show
View Real Time Build Order
Export as new Build Order

Galater Protoss 

Build Orders: Mass Adepts 

Get SALT Encoding   

  12  0:02  Probe  
  13  0:15  Probe  
  13  0:20  Pylon  
  14  0:35  Assimilator  
  14  0:38  Probe (Chrono Boost)  
  15  0:47  Probe (Chrono Boost)  
  15  0:48  Gateway  
  16  0:55  Probe (Chrono Boost)  
  17  1:07  Probe (Chrono Boost)  
  17  1:11  Pylon  
  18  1:33  Probe  
  19  1:40  Cybernetics Core  
  19  1:43  Assimilator  
  19  1:45  Probe (Chrono Boost)  
  20  1:51  Gateway  
  20  1:58  Probe (Chrono Boost)  
  21  2:03  Pylon  
  21  2:09  Probe (Chrono Boost)  
  22  2:16  Warp Gate (Chrono Boost)  
  22  2:18  Adept  
  22  2:20  Probe (Chrono Boost)  
  25  2:27  Mothership Core (Chrono Boost)  
  24  2:45  Adept  
  24  2:53  Probe (Chrono Boost)  
  24  2:58  Gateway, Adept  
  27  3:25  Gateway  
  29  3:27  Adept x2  
  31  3:41  Pylon  
  31  3:46  Adept  
  33  3:55  Pylon  
  33  4:13  Adept  
  31  4:30  Adept  
  33  4:36  Probe  
  34  4:42  Adept x2  
  38  4:48  Probe  
  39  5:10  Adept x3  
  27  5:41  Probe (Chrono Boost)  
  28  5:48  Nexus  
  29  5:50  Pylon  
  29  5:51  Probe (Chrono Boost)  
  29  5:58  Probe  
  30  6:10  Probe (Chrono Boost)  
  31  6:17  Twilight Council  
  31  6:20  Probe (Chrono Boost)  
  32  6:27  Pylon  
  32  6:28  Stalker x2  
  36  6:37  Probe (Chrono Boost)  
  37  6:44  Forge  
  38  6:48  Probe (Chrono Boost)  
  38  6:55  Stalker  
  38  6:59  Stalker  
  42  7:06  Probe (Chrono Boost)  
  43  7:10  Probe (Chrono Boost)  
  44  7:22  Probe (Chrono Boost)  
  46  7:23  Probe (Chrono Boost)  
  47  7:30  Probe (Chrono Boost)  
  47  7:34  Gateway  
  47  7:42  Probe x2  
  49  7:54  Probe x2  
  49  7:56  Gateway  
  51  7:59  Pylon  
  51  8:01  Stalker  
  53  8:06  Stalker  
  55  8:25  Photon Cannon  
Show
View Real Time Build Order
Export as new Build Order

AgCl Protoss - Winner!

Build Orders: Oracle Opening, Oracle Opening 

Get SALT Encoding   

  12  0:15  Pylon  
  12  0:36  Probe, Assimilator  
  12  0:37  Gateway  
  13  0:48  Probe  
  14  1:00  Probe (Chrono Boost)  
  15  1:11  Probe (Chrono Boost)  
  16  1:13  Assimilator  
  16  1:16  Pylon  
  16  1:18  Probe  
  17  1:29  Zealot (Chrono Boost)  
  17  1:31  Probe  
  20  1:43  Probe (Chrono Boost)  
  20  1:44  Cybernetics Core  
  21  1:54  Probe (Chrono Boost)  
  22  2:00  Probe  
  23  2:12  Probe  
  24  2:21  Stargate  
  24  2:25  Probe (Chrono Boost)  
  24  2:29  Warp Gate  
  25  2:36  Mothership Core (Chrono Boost)  
  27  2:51  Probe  
  28  3:05  Pylon  
  28  3:10  Oracle (Chrono Boost)  
  28  3:22  Stalker  
  31  3:29  Nexus  
  31  3:30  Pylon  
  30  3:40  Pylon  
  30  3:59  Robotics Facility  
  30  4:18  Probe  
  30  4:22  Gateway  
  31  4:29  Pylon  
  31  4:30  Probe (Chrono Boost)  
  32  4:36  Void Ray (Chrono Boost)  
  36  4:40  Probe (Chrono Boost)  
  36  4:43  Probe (Chrono Boost)  
  38  4:51  Stalker, Probe (Chrono Boost)  
  38  4:52  Probe (Chrono Boost)  
  39  5:19  Stalker x2  
  41  5:24  Probe (Chrono Boost)  
  41  5:26  Probe (Chrono Boost)  
  43  5:36  Probe (Chrono Boost)  
  43  5:37  Assimilator  
  43  5:38  Probe (Chrono Boost)  
  43  5:39  Assimilator  
  43  5:40  Observer (Chrono Boost)  
  45  5:45  Probe  
  46  5:54  Twilight Council  
  46  6:07  Probe (Chrono Boost)  
  46  6:11  Probe (Chrono Boost)  
  48  6:18  Probe (Chrono Boost)  
  50  6:19  Probe (Chrono Boost)  
  51  6:27  Probe (Chrono Boost)  
  51  6:29  Immortal (Chrono Boost)  
  51  6:32  Dark Shrine  
  52  6:34  Gateway  
  52  6:38  Probe  
  52  6:39  Probe  
  54  6:49  Gateway  
  54  6:50  Probe  
  55  6:55  Probe  
  56  7:03  Pylon  
  56  7:07  Probe (Chrono Boost), Gateway  
  58  7:12  Probe (Chrono Boost)  
  58  7:13  Pylon  
  59  7:17  Probe (Chrono Boost)  
  59  7:20  Probe (Chrono Boost)  
  60  7:41  Gateway  
  60  7:42  Probe  
  61  7:45  Pylon  
  61  7:47  Dark Templar  
  61  7:48  Dark Templar  
  61  7:49  Dark Templar  
  67  7:55  Pylon  
  67  7:56  Dark Templar  
  69  7:59  Probe  
  69  8:00  Probe  
  71  8:11  Probe  
  72  8:15  Forge  
  72  8:16  Probe  
  73  8:22  Gateway  
  73  8:30  Zealot x2  
Tags
 
Add a new tag
Caveats
  • Supply blocks, unpowered buildings, or Contaminate may cause inaccurate times.
  • Supply counts are checked every 10 seconds.